 Dungeon Crawl Stone Soup version 0.21.1-1-g345015fe64 (webtiles) character file.

3936 Peloso the Blocker (level 10, -12/88 HPs)
             Began as a Deep Dwarf Fighter on Apr 2, 2018.
             Was an Elder of Okawaru.
             Killed by the raging water
             ... invoked by a water nymph
              (23 damage)
             ... on level 8 of the Dungeon.
             The game lasted 00:20:00 (6108 turns).

Peloso the Blocker (Deep Dwarf Fighter)             Turns: 6108, Time: 00:20:01

Health: -12/88     AC: 16    Str: 23    XL:     10   Next: 1%
Magic:  0/9        EV:  6    Int:  9    God:    Okawaru [****..]
Gold:   358        SH: 11    Dex: 12    Spells: 9/9 levels left

rFire    x . .     SeeInvis .   h - +8 flail "Goitiagy" {freeze, rElec}
rCold    + . .     Gourm    .   c - +0 shield
rNeg     . . .     Faith    .   o - +1 plate armour
rPois    .         Spirit   +   B - +0 helmet
rElec    +         Reflect  .   (no cloak)
rCorr    .         Harm     .   (no gloves)
MR       +....                  (no boots)
Stlth    ..........             x - amulet of guardian spirit
HPRegen  0.00/turn              q - ring of ice
MPRegen  0.11/turn              (no ring)

@: non-regenerating, very slow
A: damage resistance, heal wounds, sense surroundings 2, no regeneration
a: Heal Wounds, Heroism, Renounce Religion


You were on level 8 of the Dungeon.
You worshipped Okawaru.
Okawaru was greatly pleased with you.
You were not hungry.

You visited 1 branch of the dungeon, and saw 8 of its levels.

You collected 358 gold pieces.

Inventory:

Hand Weapons
 a - a +0 long sword
 h - the +8 flail "Goitiagy" (weapon) {freeze, rElec}
   (You found it on level 4 of the Dungeon)

   It has been specially enchanted to freeze those struck by it, causing extra
   injury to most foes and up to half again as much damage against particularly
   susceptible opponents.
   It can also slow down cold-blooded creatures.
   It insulates you from electricity.
Armour
 c - a +0 shield (worn)
 o - a +1 plate armour (worn)
 B - a +0 helmet (worn)
Jewellery
 q - a ring of ice (left hand)
 x - an amulet of guardian spirit (around neck)
Wands
 D - a wand of polymorph (14)
Scrolls
 b - 2 scrolls of identify
 k - a scroll of teleportation
 l - 2 scrolls of blinking
 m - 3 scrolls of remove curse
 r - a scroll of fog
 t - a scroll of magic mapping
 u - a scroll of fear
 y - a scroll of acquirement {unknown}
Potions
 d - a potion of might
 e - a potion of agility
 g - 3 potions of flight
 i - 3 potions of curing
 j - 3 potions of haste
 n - a potion of cancellation {unknown}
 p - 2 potions of mutation {unknown}
 s - 4 potions of heal wounds {unknown}
 w - a potion of magic {unknown}
 z - 2 potions of invisibility {unknown}
 E - a potion of resistance {unknown}
Books
 v - a book of Party Tricks

   Spells                             Type                      Level
   a - Summon Butterflies             Summoning                    1
   b - Apportation                    Translocation                1
   c - Lesser Beckoning               Translocation                3
   d - Tukima's Dance                 Hexes                        3
   e - Alistair's Intoxication        Transmutation/Poison         5
   f - Invisibility                   Hexes                        6
 C - a book of Changes

   Spells                             Type                      Level
   a - Beastly Appendage              Transmutation                1
   b - Sticks to Snakes               Transmutation                2
   c - Spider Form                    Transmutation/Poison         3
   d - Ice Form                       Ice/Transmutation            4
   e - Blade Hands                    Transmutation                5
Comestibles
 f - 13 rations
 A - 7 chunks of flesh


   Skills:
 + Level 5.1 Fighting
 + Level 5.2 Long Blades
 + Level 7.3 Maces & Flails
 + Level 8.2 Armour
 + Level 2.0 Dodging
 + Level 0.9 Stealth
 + Level 8.7 Shields
 + Level 0.2 Invocations


You had 9 spell levels left.
You didn't know any spells.

Dungeon Overview and Level Annotations

Branches:
Dungeon (8/15)             Temple (0/1) D:4
   Lair: D:8-11

Altars:
Elyvilon
Fedhas
Makhleb
Okawaru
Xom
Zin
The Shining One

Shops:
D:4 [


Innate Abilities, Weirdness & Mutations

You are resistant to damage.
You can heal yourself by infusing magical energy.
You passively map the area around you.
You do not regenerate.


Message History

Your unstable footing causes you to fumble your attack.
The water nymph touches you.
* * * LOW HITPOINT WARNING * * *
The water nymph drowns you!
* * * LOW HITPOINT WARNING * * *
Unknown command.
You closely miss the water nymph.
The water nymph is heavily wounded.
The water nymph touches you. The water nymph drowns you!
* * * LOW HITPOINT WARNING * * *
Your plate armour prevents you from hitting the water nymph.
The water nymph is heavily wounded.
You block the water nymph's attack.
Unknown command.
You thump the water nymph! You freeze the water nymph.
The water nymph is almost dead.
You are no longer poisoned.
The water nymph points at you and mumbles some strange words.
The water swirls and strikes you!
You die...

* * * , ##### ####### ** *
* ....##########...... *
.................##########
*
..................)..>.....
*
##.#.##.#####..#@###.###...
##.#.##.# #..(m≈# .#*
.#.#.##.# #..#≈)#*.# ,,, ,,
, ...#.##.# #..#).# .. * *
, ...#.##.# #..#..# ## , *,
, ...#.##.# #(.#..# * ,
.###.##.# #.$#..#* , *
####.##.# #.<[..... , *
........# #.##....., , ,*


You could see a water nymph.

Vanquished Creatures
  The ghost of DildoBatman the Skirmisher, a novice FoEn of Ashenzari (D:6)
  Sigmund (D:2)
  2 hungry ghosts
  A sky beast (D:4)
  4 ogres
  3 phantoms
  8 centaurs
  A wyvern skeleton (D:7)
  2 scorpions (D:7)
  9 killer bees
  2 howler monkeys
  2 crimson imps
  A bullfrog zombie (D:7)
  3 orc priests
  A jelly (D:6)
  3 hounds
  An iguana (D:5)
  Natasha (twice) (D:2)
  Terence (D:2)
  10 orc wizards
  6 worker ants
  A hound skeleton (D:5)
  A gnoll (D:1)
  A howler monkey skeleton (D:4)
  16 adders
  A shadow imp (D:5)
  An ooze (D:4)
  5 worms
  2 dart slugs
  7 leopard geckos
  34 orcs
  4 ball pythons
  10 bats
  7 giant cockroaches
  4 goblins
  11 hobgoblins
  8 jackals
  6 kobolds
  4 quokkas
  3 frilled lizards
  A jackal skeleton (D:5)
  A quokka skeleton (D:6)
  7 rats
199 creatures vanquished.

Notes
Turn   | Place    | Note
-------+----------+-------------------------------------------
     0 | D:1      | Peloso the Deep Dwarf Fighter began the quest for the Orb.
     0 | D:1      | Reached XP level 1. HP: 20/20 MP: 1/1
    21 | D:1      | Reached XP level 2. HP: 24/27 MP: 2/2
   442 | D:1      | Reached XP level 3. HP: 26/34 MP: 3/3
   633 | D:2      | Found an iron altar of Okawaru.
   642 | D:2      | Became a worshipper of Warmaster Okawaru
   669 | D:2      | Noticed Terence
   681 | D:2      | Killed Terence
   822 | D:2      | Reached XP level 4. HP: 24/42 MP: 4/4
   823 | D:2      | Noticed Sigmund
   836 | D:2      | Killed Sigmund
   836 | D:2      | Reached * piety under Okawaru
   836 | D:2      | Reached skill level 1 in Dodging
   836 | D:2      | Reached XP level 5. HP: 18/49 MP: 5/5
   939 | D:2      | Found a glowing golden altar of the Shining One.
   965 | D:2      | Noticed Natasha
   975 | D:2      | Killed Natasha
  1008 | D:2      | Reached XP level 6. HP: 37/56 MP: 6/6
  1263 | D:2      | Noticed Natasha
  1274 | D:2      | Killed Natasha
  1274 | D:2      | Reached skill level 5 in Shields
  1943 | D:3      | Reached XP level 7. HP: 8/62 MP: 6/6
  2037 | D:3      | Reached skill level 5 in Armour
  2512 | D:4      | Found Innorogh's Armour Shop.
  2526 | D:4      | Got a warped flail
  2527 | D:4      | Identified the +8 flail "Goitiagy" {freeze, rElec} (You found it on level 4 of the Dungeon)
  2553 | D:4      | Found a burning altar of Makhleb.
  2589 | D:4      | Reached ** piety under Okawaru
  2611 | D:4      | Found a staircase to the Ecumenical Temple.
  2643 | D:4      | Reached skill level 1 in Maces & Flails
  2682 | D:4      | Reached skill level 5 in Long Blades
  2695 | D:4      | Reached XP level 8. HP: 34/72 MP: 3/7
  3101 | D:5      | Entered Level 5 of the Dungeon
  3303 | D:5      | HP: 2/73 [orc wizard/magic dart (3)]
  3339 | D:5      | Reached *** piety under Okawaru
  3441 | D:5      | Found a white marble altar of Elyvilon.
  3584 | D:5      | Found a blossoming altar of Fedhas.
  3930 | D:6      | Noticed DildoBatman's ghost (novice FoEn)
  3940 | D:6      | Reached skill level 5 in Maces & Flails
  3956 | D:6      | Killed DildoBatman's ghost
  3956 | D:6      | Reached **** piety under Okawaru
  3956 | D:6      | Gained mutation: You passively map the area around you. [Deep Dwarf growth]
  3956 | D:6      | Reached XP level 9. HP: 36/79 MP: 4/8
  3963 | D:6      | Reached skill level 5 in Fighting
  5179 | D:7      | Noticed an angel
  5180 | D:7      | Found a glowing silver altar of Zin.
  5180 | D:7      | Found a shimmering altar of Xom.
  6093 | D:8      | Reached XP level 10. HP: 46/88 MP: 0/9
  6100 | D:8      | Noticed a two-headed ogre
  6101 | D:8      | Noticed a water nymph
  6101 | D:8      | a two-headed ogre changed into a water nymph
  6108 | D:8      | Killed from afar by a water nymph

Skill      XL: |  1  2  3  4  5  6  7  8  9 |
---------------+----------------------------+-----
Fighting       | 3 4 5 |  5.1
Armour         | 4 5 6 8 |  8.2
Long Blades    | 3 4 5 |  5.2
Dodging        | 1 2 |  2.0
Shields        | 4 5 6 7 8 |  8.7
Maces & Flails | 2 5 7 |  7.3
Stealth        | |  0.9
Invocations    | |  0.2

Action                   |  1- 3 |  4- 6 |  7- 9 | 10-12 || total
-------------------------+-------+-------+-------+-------++-------
Melee: Long sword        |    89 |   225 |    61 |       ||   375
       Flail             |       |       |   342 |    10 ||   352
Invok: Heroism           |       |       |     2 |       ||     2
 Abil: Heal Wounds       |       |     3 |     6 |       ||     9
Evoke: Wand              |       |       |       |     2 ||     2
  Use: Potion            |       |     1 |     3 |       ||     4
       Scroll            |       |       |    16 |       ||    16
  Eat: Chunk             |       |     4 |    16 |       ||    20
       Ration            |       |       |     1 |       ||     1
Armor: Scale mail        |    30 |       |       |       ||    30
       Chain mail        |    15 |    33 |       |       ||    48
       Plate armour      |       |   150 |   214 |     4 ||   368
Dodge: Dodged            |    29 |    83 |    69 |     1 ||   182
Block: Shield            |    67 |   197 |   241 |     4 ||   509
       Rpst.: Long sword |    10 |    19 |     3 |       ||    32
